 Dungeon Crawl Stone Soup version 0.14-a0-59-gd5eeb80 (webtiles) character file.

414 Sachiko the Ruffian (level 6, 0/88 HPs)
             Began as a Troll Monk on Sept 30, 2013.
             Slain by a phantom (9 damage)
             ... on Level 4 of the Dungeon.
             The game lasted 00:06:35 (1997 turns).

Sachiko the Ruffian (Troll Monk)                    Turns: 1997, Time: 00:06:35

HP   0/88        AC  6     Str 27      XL: 6   Next:  0%
MP   2/2         EV 11     Int  8      God:
Gold 148         SH  0     Dex 12      Spells:  0 memorised,  5 levels left

Res.Fire  : . . .   See Invis. : .     - Unarmed
Res.Cold  : . . .   Warding    : .   a - +1 robe
Life Prot.: . . .   Conserve   : .   (shield restricted)
Res.Poison: .       Res.Corr.  : .   (helmet restricted)
Res.Elec. : .       Clarity    : .   (no cloak)
Sust.Abil.: . .     Spirit.Shd : .   (gloves unavailable)
Res.Mut.  : .       Rnd.Telep. : +   (boots unavailable)
Res.Rott. : .       Flight     : .   k - cursed amulet of rage
Gourmand  : +                        (no ring)
                                     c - +2 ring of strength

@: berserking (expiring), very quick, slightly resistant to hostile
enchantments, extremely unstealthy
A: unfitting armour, claws 3, horns 1, deterioration 1, fast metabolism 3,
gourmand, regeneration 2, saprovore 2, teleportitis 1, tough skin 2, AC +1
a: Evoke Berserk Rage


You were on level 4 of the Dungeon.
You were very full.

You visited 1 branch of the dungeon, and saw 4 of its levels.

You collected 148 gold pieces.

Inventory:

Armour
 a - a +1 robe (worn)
Magical devices
 p - a wand of confusion (12)
Comestibles
 b - 2 meat rations
 g - 2 bread rations
 h - 2 chunks of quokka flesh
 i - an apple
 m - a chunk of giant gecko flesh
Scrolls
 d - 4 scrolls of remove curse
 e - a scroll of blinking
 f - 3 scrolls of identify
 l - a scroll of enchant weapon II
Jewellery
 c - a +2 ring of strength (left claw)
 k - a cursed amulet of rage (around neck)
Potions
 j - 3 potions of curing
 q - a potion of brilliance


   Skills:
 + Level 3.0 Fighting
 + Level 3.5 Dodging
 - Level 1.1 Stealth
 * Level 6.1 Unarmed Combat


You had 5 spell levels left.
You didn't know any spells.

Dungeon Overview and Level Annotations

Branches:
Dungeon (4/27)
 Temple: D:4-7

Altars:
Fedhas
Nemelex Xobeh


Innate Abilities, Weirdness & Mutations

You are too large for most types of armour.
You have claws for hands.
Your metabolism is lightning-fast.
You like to eat raw meat.
You heal very quickly.
You can eat rotten meat.
You are covered in fur (AC +1).
You have very tough skin (AC +2).
You have a pair of small horns on your head.
Your body is slowly deteriorating.
Space occasionally distorts in your vicinity.


Message History

The ice beast hits you but does no damage.
You claw the ice beast!
The ice beast is heavily wounded.
You barely miss the ice beast. You headbutt the ice beast!
Your punch misses the ice beast.
The ice beast is almost dead.
You mangle the ice beast!!
You kill the ice beast!
Your Fighting skill increases to level 3!
Your Unarmed Combat skill increases to level 6!
You have reached level 6!
Your experience leads to an increase in your attributes!
Increase (S)trength, (I)ntelligence, or (D)exterity?
You feel clever.
You feel stronger.
You feel a strong urge to attack something.
A ball python comes into view.
You barely miss the phantom. Your headbutt misses the phantom.
The phantom is almost destroyed.
The phantom hits you!
You die...

. #S .. #. ......
.....#.# ...#.###
#.....####.#
#...p......# #...@.#
#.##.....# #.##.....#
.###.##.....######.#
.................$...
#.
.###.##.##########.#
#. #.##.# #. #.##.#
#.########.##.#######


You could see a phantom and a ball python.

Vanquished Creatures
  An ice beast (D:4)
  A worker ant (D:4)
  Ijyb (D:3)
  7 adders (D:2)
  A worm (D:3)
  3 giant geckos
  5 giant cockroaches
  8 hobgoblins
  8 jackals
  3 kobolds
  4 quokkas
  4 bats
  4 giant newts (D:1)
  14 goblins
  A quokka zombie (D:3)
  5 rats
70 creatures vanquished.

Notes
Turn   | Place    | Note
--------------------------------------------------------------
     0 | D:1      | Sachiko, the Troll Monk, began the quest for the Orb.
     0 | D:1      | Reached XP level 1. HP: 20/20 MP: 0/0
   166 | D:1      | Reached XP level 2. HP: 28/28 MP: 0/0
   491 | D:1      | Reached XP level 3. HP: 33/35 MP: 1/1
   828 | D:2      | Reached skill level 5 in Unarmed Combat
   828 | D:2      | Reached XP level 4. HP: 41/44 MP: 1/1
   926 | D:2      | Found a blossoming altar of Fedhas.
  1205 | D:2      | Found a sparkling altar of Nemelex Xobeh.
  1395 | D:3      | Gained mutation: Your body is slowly deteriorating. [potion of mutation]
  1395 | D:3      | Gained mutation: Space occasionally distorts in your vicinity. [potion of mutation]
  1395 | D:3      | Gained mutation: You have a pair of small horns on your head. [potion of mutation]
  1403 | D:3      | Noticed Ijyb
  1418 | D:3      | Killed Ijyb
  1483 | D:3      | Reached XP level 5. HP: 50/50 MP: 1/1
  1969 | D:4      | Noticed a phantom
  1980 | D:4      | Noticed an ice beast
  1994 | D:4      | Killed an ice beast
  1994 | D:4      | Reached skill level 6 in Unarmed Combat
  1994 | D:4      | Reached XP level 6. HP: 8/59 MP: 2/2
  1997 | D:4      | Slain by a phantom

Action                   |  1- 3 |  4- 6 || total
-------------------------+-------+-------++-------
Melee: Unarmed           |    80 |   116 ||   196
 Abil: Evoke Berserk Rag |       |     1 ||     1
Evoke: Wand              |       |     2 ||     2
  Use: Scroll            |     8 |     7 ||    15
       Potion            |     3 |     3 ||     6
 Stab: Sleeping          |     1 |     1 ||     2
